 Dungeon Crawl Stone Soup version 0.29.0-13-gc9e81de378 (webtiles) character file.

Game seed: 11519208490397099906

8444 Strat the Grappler (level 11, -4/99 HPs)
             Began as a Ghoul Summoner on Sept 9, 2022.
             Was a High Priest of Ru.
             Slain by a sixfirhy (10 damage)
             ... summoned by a kobold demonologist
             ... on level 10 of the Dungeon.
             The game lasted 00:35:05 (14062 turns).

Strat the Grappler (Ghoul Summoner)                Turns: 14062, Time: 00:35:07

Health: -4/99      AC: 12    Str: 17    XL:     11   Next: 31%
Magic:  12/12      EV: 11    Int: 10    God:    Ru [*****.]
Gold:   654        SH:  0    Dex:  9    Spells: 7/13 levels left

rFire   . . .      SeeInvis .     - Unarmed
rCold   . . .      Faith    .   (shield unavailable)
rNeg    + + +      Spirit   .   G - +0 ring mail {rF+}
rPois   ∞          Reflect  .   e - +1 helmet
rElec   .          Harm     .   (no cloak)
rCorr   .          Rampage  .   (no gloves)
Will    .....                   v - +2 pair of boots {Fly}
Stlth   +.........              B - amulet of regeneration
HPRegen 0.00/turn               (ring unavailable)
MPRegen 0.13/turn               c - ring of wizardry

@: flying, inhibited regen, studying Throwing
A: claws 1, cold resistance 1, negative energy resistance 3, inhibited
regeneration, torment resistance 2, missing a hand, temperature sensitive,
devour on kill
a: Renounce Religion, Draw Out Power, Power Leap, Apocalypse


You were on level 10 of the Dungeon.
You worshipped Ru.
Ru was extremely pleased with you.
You visited 2 branches of the dungeon, and saw 11 of its levels.

You collected 654 gold pieces.

Inventory:

Missiles
 d - 7 javelins
 k - 2 throwing nets
 m - 93 poisoned darts
Armour
 e - a +1 helmet (worn)
 i - +0 acid dragon scales
 v - a +2 pair of boots of flying (worn)
 G - a +0 ring mail of fire resistance (worn)
Jewellery
 c - a ring of wizardry (right claw)
 f - a +4 ring of protection
 B - an amulet of regeneration (around neck)
Wands
 q - a wand of charming (28)
 t - a wand of polymorph (6)
Scrolls
 p - 2 scrolls of poison
 w - a scroll of immolation
 y - 2 scrolls of vulnerability
 C - a scroll of noise
 E - a scroll of fear
Potions
 a - 2 potions of brilliance {unknown}
 g - a potion of resistance
 j - a potion of mutation
 l - a potion of invisibility {unknown}
 n - a potion of cancellation {unknown}
 o - 2 potions of might
 r - 2 potions of attraction {unknown}
 s - 3 potions of lignification
 z - 3 potions of curing {unknown}
 D - a potion of heal wounds
 F - 8 potions of degeneration


   Skills:
 - Level 10.0 Fighting
 + Level 6.4 Armour
 - Level 1.7 Dodging
 - Level 2.1 Stealth
 + Level 13.6 Unarmed Combat
 - Level 1.7 Spellcasting
 - Level 3.6 Summonings


You had 7 spell levels left.
You knew the following spells:

 Your Spells              Type           Power      Damage    Failure   Level
a - Summon Small Mammal   Summ           32%        N/A       4%          1
b - Call Imp              Summ           8%         N/A       8%          2
c - Call Canine Familiar  Summ           8%         N/A       16%         3

Your spell library contained the following spells:

 Spells                   Type           Power      Damage    Failure   Level
 Summon Guardian Golem    Hex/Summ       4%         N/A       30%         3
 Tukima's Dance           Hex            0%         N/A       52%         3
 Animate Armour           Summ/Erth      8%         N/A       67%         4
 Summon Lightning Spire   Summ/Air       4%         N/A       67%         4
 Passage of Golubria      Tloc           0%         N/A       88%         4
 Yara's Violent Unravell  Hex/Tmut       0%         3d3       99%         5
 Iron Shot                Conj/Erth      0%         9d1       100%        6
 Orb of Destruction       Conj           0%         9d5       100%        7
 Spellforged Servitor     Conj/Summ      2%         N/A       100%        7
 Blade Hands              Tmut           Unusable   N/A       N/A         5

Dungeon Overview and Level Annotations

Branches:
Dungeon (10/15)            Temple (1/1) D:6             Orc (0/2) D:9
   Lair: D:8-11

Altars:
Ashenzari
Cheibriados
Dithmenos
Fedhas
Gozag
Hepliaklqana
Kikubaaqudgha
Nemelex Xobeh
Okawaru
Qazlal
Ru
Sif Muna
Trog
Uskayaw
Vehumet
Wu Jian
Xom
Yredelemnul

Shops:
D:1 [   D:5 *([:*   D:9 *(   D:10 (

Annotations:
D:8 6 transporters
D:9 2 runed translucent doors


Innate Abilities, Weirdness & Mutations

You are immune to poison.
You have sharp fingernails.
Your flesh is cold resistant. (rC+)
You are immune to negative energy. (rN+++)
You do not regenerate when monsters are visible.
You are immune to unholy pain and torment.
You are missing a hand.
You are sensitive to extremes of temperature. (rF-, rC-)
You thrive by killing the living.


Message History

You closely miss the kobold demonologist.
The kobold demonologist is moderately wounded.
The kobold demonologist is stunned by your conviction and fails to attack.
The wight hits you from afar with a +3 halberd!
You scratch the kobold demonologist.
The kobold demonologist is heavily wounded.
You scratch the kobold demonologist but do no damage.
The kobold demonologist is heavily wounded.
The kobold demonologist is stunned by your conviction and fails to attack.
The wight hits you from afar with a +3 halberd!
You barely miss the kobold demonologist.
The kobold demonologist is heavily wounded.
The kobold demonologist gestures wildly while chanting.
The wight misses you.
You scratch the kobold demonologist.
The kobold demonologist is heavily wounded.
You scratch the kobold demonologist but do no damage.
The kobold demonologist is heavily wounded.
The sixfirhy hits you. The sixfirhy shocks you!
* * * LOW HITPOINT WARNING * * *
The kobold demonologist begins to cast a spell, but is stunned by your conviction!
The sixfirhy hits you but does no damage.
The wight barely misses you.
The wight unwields a +0 arbalest.
The wight wields a +3 morningstar.
The wight hits you with a +3 morningstar!
* * * LOW HITPOINT WARNING * * *
The sixfirhy attacks as you move away! The sixfirhy closely misses you.
The sixfirhy hits you!
* * * LOW HITPOINT WARNING * * *
The sixfirhy shocks you!
* * * LOW HITPOINT WARNING * * *
The sixfirhy hits you!
* * * LOW HITPOINT WARNING * * *
The sixfirhy shocks you!
* * * LOW HITPOINT WARNING * * *
You focus your inner power and illuminate the sixfirhy in retribution!
The sixfirhy hits you!
* * * LOW HITPOINT WARNING * * *
The sixfirhy shocks you!
You die...

#.......# ##### ### #.......###
..... ...##.......'z #.###
............# K. #..)........#
#.# #.)∩)....z..# .. #
#..)....K...# #.###
#......3z...# . #..
#######@##### ##' #.####### ##..
#.......# #).# #######'## ###)##
#####+#### ####......).# #.....
#........# #))'........# #.....
#......^.# #)##........# #.....
#........###.##........####.....
#........##..##........'.##.)...


You could see a kobold demonologist, a sixfirhy (summoned, corona) and 2 wights.

Vanquished Creatures
  A kobold demonologist (D:10)
  A hornet (D:10)
  21 yaks
  A steam dragon (D:8)
  Edmund (D:6)
  An acid dragon (D:8)
  A nameless horror (D:8)
  3 orc warriors (D:9)
  A sky beast (D:8)
  A swamp drake (D:9)
  An ice beast (D:7)
  An ogre (D:5)
  4 centaurs
  16 kobold brigands
  A bullfrog (D:9)
  2 gnoll sergeants (D:7)
  2 scorpions (D:6)
  5 killer bees (D:9)
  3 howler monkeys
  2 crimson imps (D:3)
  7 orc priests
  4 hounds (D:6)
  2 jellies
  2 iguanas
  14 orc wizards
  14 gnolls
  4 adders
  A shadow imp (D:7)
  3 white imps
  An ufetubus (D:6)
  4 dart slugs
  34 orcs
  2 endoplasms
  5 giant cockroaches
  6 goblins
  4 hobgoblins
  4 quokkas
  9 ball pythons
  3 bats
  2 frilled lizards
  8 kobolds
  10 rats
212 creatures vanquished.

Vanquished Creatures (collateral kills)
  A yak (D:8)
  2 ice beasts (D:6)
  A black bear (D:6)
  A wolf (D:6)
  A killer bee (D:9)
  2 crimson imps (D:3)
  2 jellies
  An orc priest (D:5)
  An iguana (D:3)
  7 gnolls
  An adder (D:5)
  A worm (D:2)
  A dart slug (D:2)
  11 orcs
  3 bats
  3 endoplasms
  A giant cockroach (D:1)
  4 goblins
  2 hobgoblins
  2 kobolds
  A quokka (D:1)
  3 frilled lizards
  A rat (D:2)
53 creatures vanquished.

Vanquished Creatures (others)
  A kobold brigand (D:10)
1 creature vanquished.

Grand Total: 266 creatures vanquished

Notes
Turn   | Place    | Note
-------+----------+-------------------------------------------
     0 | D:1      | Strat the Ghoul Summoner began the quest for the Orb.
     0 | D:1      | Reached XP level 1. HP: 14/14 MP: 2/2
   278 | D:1      | Reached skill level 1 in Unarmed Combat
   317 | D:1      | Noticed a shining eye
   318 | D:1      | Found a faded altar of an unknown god.
   323 | D:1      | Noticed a shining eye
   336 | D:1      | Found Athranki's Antique Armour Boutique.
   358 | D:1      | Reached XP level 2. HP: 15/20 MP: 1/3
   477 | D:1      | Reached skill level 2 in Unarmed Combat
   480 | D:1      | Learned a level 2 spell: Call Imp
   611 | D:1      | Noticed an eye of devastation
   705 | D:1      | Noticed a golden eye
   828 | D:1      | Reached XP level 3. HP: 26/26 MP: 1/4
   877 | D:1      | Reached skill level 3 in Unarmed Combat
  2260 | D:2      | Reached XP level 4. HP: 33/33 MP: 1/5
  2289 | D:3      | Reached skill level 4 in Unarmed Combat
  2786 | D:2      | Learned a level 3 spell: Call Canine Familiar
  3075 | D:2      | Reached XP level 5. HP: 4/38 MP: 3/6
  3372 | D:3      | Reached skill level 5 in Unarmed Combat
  3935 | D:3      | Found a shimmering altar of Xom.
  4155 | D:3      | Reached skill level 6 in Unarmed Combat
  4155 | D:3      | Reached XP level 6. HP: 46/46 MP: 2/7
  4286 | D:3      | Reached skill level 1 in Fighting
  4843 | D:4      | You fall into a shaft and drop 2 floors!
  4879 | D:5      | Entered Level 5 of the Dungeon
  5190 | D:5      | Found Sezumeeg's Assorted Antiques.
  5377 | D:5      | Found Ledinwiv's Assorted Antiques.
  6177 | D:5      | Found Juzan's Antique Armour Shoppe.
  6200 | D:5      | Found Ymalibb's Book Emporium.
  6346 | D:5      | Reached skill level 7 in Unarmed Combat
  6346 | D:5      | Reached XP level 7. HP: 57/57 MP: 3/8
  6726 | D:5      | Found Mudea's Antique Weapon Boutique.
  6865 | D:6      | Found a staircase to the Ecumenical Temple.
  6908 | D:6      | Reached skill level 5 in Fighting
  6908 | D:6      | Reached skill level 8 in Unarmed Combat
  6908 | D:6      | Reached XP level 8. HP: 62/68 MP: 1/9
  6940 | Temple   | Entered the Ecumenical Temple
  7154 | Temple   | Became a worshipper of Ru the Awakened
  7531 | D:6      | Reached skill level 9 in Unarmed Combat
  7901 | D:6      | Noticed Edmund
  8160 | D:6      | Killed Edmund
  8161 | D:6      | Reached skill level 10 in Unarmed Combat
  8161 | D:6      | Reached skill level 1 in Armour
  8238 | D:6      | Noticed a kobold demonologist
  8565 | D:6      | Noticed a red devil
  8596 | D:6      | a kobold demonologist changed into a wolf
  8600 | D:6      | Reached XP level 9. HP: 74/74 MP: 4/10
  9113 | D:7      | Identified the +5 dagger "Jellyslayer" {drain, rF+}
 10186 | D:7      | Found an ancient bone altar of Kikubaaqudgha.
 10339 | D:8      | Found a transporter.
 10341 | D:8      | Found a transporter.
 10574 | D:8      | Found a transporter.
 10577 | D:8      | Found a transporter.
 10592 | D:8      | Noticed a two-headed ogre
 10619 | D:7      | Reached skill level 11 in Unarmed Combat
 10661 | D:7      | Gained mutation: You are sensitive to extremes of
                  | temperature. (rF-, rC-) [Ru sacrifice]
 10661 | D:7      | Reached * piety under Ru
 10661 | D:7      | Reached ** piety under Ru
 10807 | D:8      | Found a transporter.
 10809 | D:8      | Found a transporter.
 10956 | D:9      | Found a large runed translucent door.
 10959 | D:9      | Found a large runed translucent door.
 11306 | D:8      | Reached XP level 10. HP: 88/88 MP: 0/11
 11877 | D:8      | Reached skill level 12 in Unarmed Combat
 12344 | D:9      | Found Gocziz's Serpentskin Sales.
 12470 | D:9      | Found a staircase to the Orcish Mines.
 12690 | D:9      | Found Domijiz's Antique Weapon Shop.
 12976 | D:9      | Identified 3 scrolls of acquirement
 12976 | D:9      | Acquired a +0 kite shield of protection
 12978 | D:9      | Acquired a manual of Throwing
 12980 | D:9      | Acquired a +1 pair of boots of flying
 13109 | D:10     | Entered Level 10 of the Dungeon
 13147 | D:10     | Found Karell's Weapon Boutique.
 13189 | D:10     | Reached skill level 1 in Shields
 13229 | D:10     | Gained mutation: You are missing a hand. [Ru sacrifice]
 13229 | D:10     | Reached *** piety under Ru
 13229 | D:10     | Reached **** piety under Ru
 13229 | D:10     | Reached ***** piety under Ru
 13315 | D:10     | Reached skill level 5 in Armour
 13459 | D:10     | Reached skill level 10 in Fighting
 13459 | D:10     | Reached skill level 13 in Unarmed Combat
 13459 | D:10     | Reached XP level 11. HP: 74/99 MP: 12/12
 13568 | D:10     | Noticed a sixfirhy
 13669 | D:10     | Noticed a soul eater
 13671 | D:10     | Noticed a soul eater
 13703 | D:10     | Found a basalt altar of Yredelemnul.
 14060 | D:10     | Noticed a sixfirhy
 14062 | D:10     | Slain by a sixfirhy

Illustrated notes

Levels and vault maps discovered:
D:1:      mrwooster_arrival_statue_2, layout_basic,
          hellmonk_ecumenical_altar_watching_god, serial_shops, shop,
          minmay_misc_feat_encased
D:2:      layout_basic
D:3:      layout_rooms, led_xom_imps, columned_hall_lemuel
D:4:      layout_layer_cave, st_stairs_7
D:5:      layout_loops_ring, serial_shops, nicolae_shop_crystal,
          nicolae_shop_hallway_stairs, nicolae_square_shop, nicolae_shop_trees,
          shop, hangedman_abyss_or_decor_passed
D:6:      minmay_clustersquares, layout_rooms,
          minmay_temple_entry_drinking_statues, gup_sewer_entry_bubbles,
          uniq_edmund
D:7:      layout_basic, lemuel_crystal_altar
D:8:      layout_gridville, serial_nicolae_subway, nicolae_sub_station_stone,
          nicolae_sub_station_crystal, nicolae_sub_station_metal
D:9:      layout_rooms, jmf_multi_god_temple2, erik_orc_1, serial_shops,
          nicolae_square_shop, guppyfry_shop_venom
D:10:     layout_roguey [special_room_kobold], mainiacjoe_overflow_tiny_flanked,
          serial_shops, shop, enter_bailey_2, minmay_misc_feat_x,
          nicolae_shop_fire_sale [nicolae_sub_dead_trees]
Temple:   minmay_crystal_spiral_temple

Skill      XL: |  1  2  3  4  5  6  7  8  9 10 11 |
---------------+----------------------------------+-----
Unarmed Combat | 1 2 3 4 6 7 8 10 11 13 | 13.6
Fighting       | 3 5 7 10 | 10.0
Armour         | 2 4 5 6 |  6.4
Shields        | 0 |  0.0
Dodging        | |  1.7
Stealth        | |  2.1
Spellcasting   | |  1.7
Summonings     | |  3.6

Action                   |  1- 3 |  4- 6 |  7- 9 | 10-12 || total
-------------------------+-------+-------+-------+-------++-------
Melee: Unarmed           |    66 |   126 |   308 |   328 ||   828
       Punch             |       |     4 |    19 |     9 ||    32
 Cast: Summon Small Mamm |    12 |     4 |     1 |       ||    17
       Call Imp          |    20 |    32 |    41 |    12 ||   105
       Call Canine Famil |       |     7 |    29 |     7 ||    43
Invok: Sacrifice Resista |       |       |     1 |       ||     1
       Sacrifice a Hand  |       |       |       |     1 ||     1
Evoke: Wand              |       |     2 |     5 |     3 ||    10
  Use: Scroll            |     2 |     6 |     3 |    13 ||    24
       Potion            |       |     1 |       |     6 ||     7
 Stab: Sleeping          |     1 |     2 |     1 |       ||     4
       Distracted        |     1 |     2 |     1 |     2 ||     6
       Invisible         |       |       |       |     5 ||     5
       Confused          |       |       |       |     1 ||     1
Armor: Robe              |    26 |    55 |    96 |       ||   177
       Ring mail         |       |       |    49 |   102 ||   151
Dodge: Dodged            |    46 |   109 |   201 |   161 ||   517
Block: Kite shield       |       |       |       |     1 ||     1
